 Dungeon Crawl Stone Soup version 0.28.0-49-g6dfe1f597d (webtiles) character file.

Game seed: 16089085097991774453

1014 Zeld the Digger (level 8, -5/48 HPs)
             Began as a Gargoyle Earth Elementalist on May 16, 2022.
             Slain by a hornet (10 damage)
             ... on level 6 of the Dungeon.
             The game lasted 00:06:57 (5112 turns).

Zeld the Digger (Gargoyle Earth Elementalist)       Turns: 5112, Time: 00:06:57

Health: -5/48      AC: 11    Str: 14    XL:     8   Next: 21%
Magic:  17/23      EV: 12    Int: 18    God:
Gold:   243        SH:  0    Dex: 10    Spells: 9/15 levels left

rFire   . . .      SeeInvis +   a - +6 dagger of the Extremes {freeze, rN+ Str+2}
rCold   . . .      Faith    .   (no shield)
rNeg    + + .      Spirit   .   b - +0 robe
rPois   ∞          Reflect  .   (no helmet)
rElec   +          Harm     .   q - +1 cloak {rCorr}
rCorr   +          Rampage  .   (no gloves)
Will    .....                   v - +0 pair of boots
Stlth   ++........              (no amulet)
HPRegen 0.16/turn               f - ring of magical power
MPRegen 0.18/turn               x - ring of see invisible

@: no status effects
A: sickness immunity, AC +5, negative energy resistance 1, electricity
resistance, torment resistance 1, petrification resistance
a: no special abilities


You were on level 6 of the Dungeon.
You visited 2 branches of the dungeon, and saw 7 of its levels.

You collected 243 gold pieces.

Inventory:

Hand Weapons
 a - the +6 dagger of the Extremes (weapon) {freeze, rN+ Str+2}
   (You found it on level 3 of the Dungeon)

   It freezes those it strikes, dealing additional cold damage.
   It can also slow down cold-blooded creatures.
   Str:       It affects your strength (+2).
   rN:        It protects you from negative energy.
Missiles
 t - 35 stones
Armour
 b - a +0 robe (worn)
 q - a +1 cloak of preservation (worn)
 v - a +0 pair of boots (worn)
Jewellery
 f - a ring of magical power (left hand)
 x - a ring of see invisible (right hand)
Wands
 s - a wand of digging (10)
Scrolls
 c - 2 scrolls of enchant armour {unknown}
 d - 2 scrolls of holy word {unknown}
 h - 6 scrolls of identify {unknown}
 j - a scroll of immolation {unknown}
 k - a scroll of teleportation {unknown}
 l - a scroll of fear {unknown}
 m - 2 scrolls of brand weapon {unknown}
 n - a scroll of fog {unknown}
 r - a scroll of vulnerability {unknown}
 w - a scroll of magic mapping {unknown}
 y - a scroll of amnesia {unknown}
Potions
 e - 3 potions of flight {unknown}
 g - 2 potions of degeneration {unknown}
 i - 2 potions of heal wounds {unknown}
 o - a potion of resistance {unknown}
 p - 3 potions of attraction {unknown}
 u - a potion of lignification {unknown}
 z - a potion of brilliance {unknown}
 A - a potion of curing {unknown}
Miscellaneous
 B - a piece from Xom's chessboard (15/15)


   Skills:
 * Level 4.2 Fighting
 * Level 4.2 Armour
 + Level 2.8 Dodging
 + Level 4.0 Stealth
 * Level 4.2 Spellcasting
 - Level 1.0 Transmutations
 * Level 6.2 Earth Magic


You had 9 spell levels left.
You knew the following spells:

 Your Spells              Type           Power      Damage    Failure   Level
a - Sandblast             Erth           52%        2d12      1%          1
b - Passwall              Tmut/Erth      13%        N/A       4%          2
c - Stone Arrow           Conj/Erth      30%        3d8       12%         3

Your spell library contained the following spells:

 Spells                   Type           Power      Damage    Failure   Level
 Corpse Rot               Necr/Air       6%         N/A       22%         2
 Poisonous Vapours        Pois/Air       6%         N/A       22%         2
 Petrify                  Tmut/Erth      16%        N/A       32%         4


Dungeon Overview and Level Annotations

Branches:
Dungeon (6/15)             Temple (1/1) D:5

Altars:
Ashenzari
Cheibriados
Dithmenos
Elyvilon
Gozag
Hepliaklqana
Kikubaaqudgha
Makhleb
Okawaru
Ru
Trog
Xom
Yredelemnul
Zin


Innate Abilities, Weirdness & Mutations

You are immune to sickness and miasma.
Your stone body is resilient. (AC +5)
You are immune to poison.
You resist negative energy. (rN+)
You are resistant to electric shocks. (rElec)
You are resistant to unholy torment.
You are immune to petrification.


Message History

Confirm with . or Enter, or press ? or * to list all spells.
Aiming: Sandblast (safe; 1% risk of failure)
Press: ? - help, Shift-Dir - straight line, f/p - hornet
Aim: a hornet (moderately wounded, 71% to hit)
The blast of sand hits the hornet!
The hornet is heavily wounded.
t - 38 stones The hornet barely misses you.
Unknown command.
Casting: Sandblast (safe; 1% risk of failure)
Confirm with . or Enter, or press ? or * to list all spells.
Aiming: Sandblast (safe; 1% risk of failure)
Press: ? - help, Shift-Dir - straight line, f/p - hornet
Aim: a hornet (heavily wounded, 71% to hit)
The blast of sand misses the hornet.
The blast of sand hits the white imp.
You kill the white imp!
t - 37 stones The hornet stings you.
* * * LOW HITPOINT WARNING * * *
The hornet barely misses you.
Casting: Sandblast (safe; 1% risk of failure)
Confirm with . or Enter, or press ? or * to list all spells.
Aiming: Sandblast (safe; 1% risk of failure)
Press: ? - help, Shift-Dir - straight line, f/p - hornet
Aim: a hornet (heavily wounded, 71% to hit)
The blast of sand hits the hornet!
The hornet is almost dead.
t - 36 stones The hornet stings you.
* * * LOW HITPOINT WARNING * * *
Casting: Sandblast (safe; 1% risk of failure)
Confirm with . or Enter, or press ? or * to list all spells.
Aiming: Sandblast (safe; 1% risk of failure)
Press: ? - help, Shift-Dir - straight line, f/p - hornet
Aim: a hornet (severely wounded, 71% to hit)
The blast of sand hits the hornet but does no damage.
The hornet is severely wounded.
t - 35 stones The hornet barely misses you.
The hornet stings you!
You die...

.... ..... #... .
... .# ##.####.#
#..(....# .
#######.......# P.
#...@y........#.P.
#.#####...........
#>####.#
#.......#.
#.....<# #.......#
######## #.......#
........####
#####.### ... #..#


You could see a hornet.

Vanquished Creatures
  A water moccasin (D:5)
  An ogre (D:5)
  A centaur (D:4)
  A necrophage (D:5)
  A bullfrog (D:3)
  2 scorpions (D:5)
  Crazy Yiuf (D:5)
  2 bullfrog zombies
  A hound (D:5)
  A jelly (D:3)
  A gnoll shaman (D:5)
  Jessica (D:3)
  A centaur skeleton (D:4)
  Ijyb (D:5)
  An iguana (D:5)
  3 gnolls (D:5)
  2 howler monkey skeletons (D:5)
  6 adders
  A white imp (D:6)
  An adder skeleton (D:5)
  8 dart slugs
  6 orcs
  3 ball pythons
  4 endoplasms
  2 giant cockroaches
  9 goblins
  4 hobgoblins
  3 jackals (D:1)
  2 quokkas (D:4)
  8 bats
  2 frilled lizards
  4 kobolds
  7 rats
92 creatures vanquished.

Notes
Turn   | Place    | Note
-------+----------+-------------------------------------------
     0 | D:1      | Zeld the Gargoyle Earth Elementalist began the quest for
                  | the Orb.
     0 | D:1      | Reached XP level 1. HP: 10/10 MP: 3/3
   155 | D:1      | Reached XP level 2. HP: 16/16 MP: 1/5
   222 | D:1      | Learned a level 2 spell: Passwall
   689 | D:1      | Reached skill level 1 in Transmutations
   692 | D:1      | Reached skill level 1 in Fighting
   692 | D:1      | Reached skill level 1 in Armour
   694 | D:1      | Reached XP level 3. HP: 20/20 MP: 6/6
   696 | D:1      | Reached skill level 4 in Earth Magic
   700 | D:1      | Learned a level 3 spell: Stone Arrow
  1401 | D:2      | Reached XP level 4. HP: 25/25 MP: 7/7
  1931 | D:3      | Noticed a bullfrog
  1954 | D:3      | Killed a bullfrog
  1955 | D:3      | Reached XP level 5. HP: 25/30 MP: 9/9
  2014 | D:3      | Noticed Jessica
  2062 | D:3      | Killed Jessica
  2144 | D:3      | Found a burning altar of Makhleb.
  2154 | D:3      | Identified the +6 dagger of the Extremes {freeze, rN+
                  | Str+2}
  2216 | D:3      | Found a sacrificial altar of Ru.
  2535 | D:4      | Reached XP level 6. HP: 32/36 MP: 10/10
  2591 | D:4      | Found an ancient bone altar of Kikubaaqudgha.
  2604 | D:4      | Reached skill level 5 in Earth Magic
  2754 | D:4      | Found a basalt altar of Yredelemnul.
  3482 | D:5      | Entered Level 5 of the Dungeon
  3501 | D:5      | Reached XP level 7. HP: 41/41 MP: 12/12
  4035 | D:5      | Reached skill level 6 in Earth Magic
  4035 | D:5      | Reached XP level 8. HP: 47/48 MP: 14/14
  4067 | D:5      | Noticed Ijyb
  4074 | D:5      | Killed Ijyb
  4121 | D:5      | Found a shimmering altar of Xom.
  4231 | D:5      | Found a staircase to the Ecumenical Temple.
  4286 | D:5      | Found a runed translucent door.
  4287 | D:5      | Noticed Crazy Yiuf
  4345 | Temple   | Entered the Ecumenical Temple
  4854 | D:5      | Paralysed by Crazy Yiuf for 6 turns
  4860 | D:5      | Killed Crazy Yiuf
  5093 | D:6      | Noticed a hornet
  5112 | D:6      | Slain by a hornet

Illustrated notes

Levels and vault maps discovered:
D:1:      dpeg_arrival_arbitrary_b, layout_basic, st_stairs_2, minmay_quantized
D:2:      layout_basic
D:3:      layout_rooms, nicolae_ru_the_path_less_chosen, general_overflow_altar,
          wander_ebering_terrifying_dragon_lair, uniq_jessica
D:4:      layout_basic, nicolae_kikubaaqudgha_miasma_corner,
          mainiacjoe_overflow_alcove_1, dk_noncrumbling_3,
          minmay_misc_feat_four_crosses
D:5:      layout_loops_ring, xom_butterflies, minmay_temple_entry_antechambers,
          uniq_crazy_yiuf_cottage, uniq_ijyb
D:6:      layout_loops_ring, mainiacjoe_overflow_alcove_2,
          mainiacjoe_overflow_boulevard, serial_shops,
          nicolae_shop_competitors_out_of_business, chequers_jeans
Temple:   jpeg_temple_island

Skill      XL: |  1  2  3  4  5  6  7  8 |
---------------+-------------------------+-----
Transmutations | 1 |  1.0
Fighting       | 1 2 3 4 |  4.2
Armour         | 1 2 3 4 |  4.2
Earth Magic    | 4 5 6 |  6.2
Dodging        | 2 |  2.8
Spellcasting   | 3 4 |  4.2
Stealth        | 3 4 |  4.0

Action                   |  1- 3 |  4- 6 |  7- 9 || total
-------------------------+-------+-------+-------++-------
Melee: Unarmed           |    11 |    15 |       ||    26
       Dagger            |       |    58 |    42 ||   100
       Punch             |       |     1 |       ||     1
 Cast: Sandblast         |    49 |    24 |    46 ||   119
 Stab: Sleeping          |     2 |     3 |     2 ||     7
Armor: Robe              |    12 |    45 |    29 ||    86
Dodge: Dodged            |    19 |    50 |    41 ||   110
